 Dungeon Crawl Stone Soup version 0.31-a0-1009-g454b1f1e0a (webtiles) character file.

Game seed: 14821116622646385757

60 Gynju the Trooper (level 3, -2/34 HPs)
             Began as a Minotaur Fighter on Nov 15, 2023.
             Slain by Sigmund
             ... wielding a +2 scythe of venom
              (7 damage)
             ... on level 2 of the Dungeon.
             The game lasted 00:01:39 (1457 turns).

Gynju the Trooper (Minotaur Fighter)                Turns: 1457, Time: 00:01:39

Health: -2/34      AC:  6    Str: 22    XL:     3   Next: 80%
Magic:  2/2        EV:  9    Int:  5    God:
Gold:   98         SH:  4    Dex:  9    Spells: 2/2 levels left

rFire   . . .        a - +0 flail
rCold   . . .        c - +0 buckler
rNeg    . . .        b - +0 scale mail
rPois   .            (helmet restricted)
rElec   .            (no cloak)
rCorr   .            (no gloves)
SInv    .            (no boots)
Will    .....        (no amulet) Stlth
                     (no ring)
HPRegen 0.25/turn    (no ring)
MPRegen 0.08/turn

%: no passive effects
@: mighty, lethally poisoned (-2 -> -21)
A: horns 2, retaliatory headbutt
a: no special abilities


You were on level 2 of the Dungeon.
You visited 1 branch of the dungeon, and saw 2 of its levels.

You collected 98 gold pieces.

Inventory:

Hand Weapons
 a - a +0 flail (weapon)
Armour
 b - a +0 scale mail (worn)
 c - a +0 buckler (worn)
Jewellery
 g - a ring of protection from fire
Scrolls
 e - 2 scrolls of teleportation
 h - a scroll of amnesia
 l - 4 scrolls of identify {@r1}
Potions
 d - a potion of might
 f - a potion of invisibility {unknown}
 i - a potion of curing {unknown}
 j - a potion of mutation {unknown}


   Skills:
 + Level 4.4 Fighting
 * Level 4.3 Maces & Flails
 - Level 3.6 Armour
 - Level 3.6 Shields


You had 2 spell levels left.
You didn't know any spells.
Your spell library contained the following spells:

 Spells                   Type           Power      Damage    Failure   Level
 Summon Forest            Summ/Tloc      0%         N/A       100%        5
 Summon Mana Viper        Hex/Summ       0%         N/A       100%        5
 Summon Cactus Giant      Summ           0%         N/A       100%        6


Dungeon Overview and Level Annotations

Branches:
Dungeon (2/15)

Altars:

Shops:
D:2 :

Annotations:
D:2 Sigmund


Innate Abilities, Weirdness & Mutations

You have a pair of horns on your head.
You reflexively headbutt those who attack you in melee.


Message History

The dart slug misses you. You furiously retaliate!
You headbutt the dart slug!
You kill the dart slug!
You closely miss the frilled lizard.
Your headbutt misses the frilled lizard.
The frilled lizard barely misses you. You furiously retaliate!
You headbutt the frilled lizard, but do no damage.
The frilled lizard bites you but does no damage.
You sock the frilled lizard!
You kill the frilled lizard!
No target in view!
No target in view!
No target in view!
No target in view!
No target in view!
You see here a dart slug corpse.
You open the door.
There is an open door here.
There is an open door here.
You open the door.
Sigmund the Dreaded comes into view.
He is wielding a +2 scythe of venom and wearing a +2 robe of cold resistance.
Sigmund shouts!
Found 38 gold pieces.
You feel very mighty all of a sudden.
Sigmund hits you from afar with a +2 scythe of venom!
You are poisoned.
Found a plate armour.
You feel very sick.
There is an open door here.
You sock Sigmund!
Sigmund is moderately wounded.
You feel very sick.
Sigmund hits you with a +2 scythe of venom!
You are lethally poisoned!
You hit Sigmund. Your headbutt misses Sigmund.
Sigmund is heavily wounded.
* * * LOW HITPOINT WARNING * * *
You feel extremely sick.
Sigmund hits you with a +2 scythe of venom!
You die...
Sigmund begins carving another notch in his scythe.

## #.#.# #######.## .#
#.#.# #.# .# #.#.#### #.#
.# ###.#....# #.# .#
#...#....############ .#
#.########..##.†'...# .#
#.# #.........)#...# .#
#.# #..........##..# .#
#.# ##'####@#####..# .#
#.# #.†.(#.@$[#...# .#
#.# #....#$$$.#.).# .#
#.# ##..########..# .#
##.######..#..##..#..#
.###.......#..'......'..#
..........##..##8..8##..#
####..#####....##..######
...#......#....##).#


You could see Sigmund.

Vanquished Creatures
  2 adders (D:2)
  A dart slug (D:2)
  6 ball pythons
  5 endoplasms
  2 giant cockroaches
  5 goblins
  A hobgoblin (D:1)
  4 jackals (D:2)
  2 bats
  2 frilled lizards (D:2)
  2 kobolds
  6 rats
38 creatures vanquished.

Notes
Turn   | Place    | Note
-------+----------+-------------------------------------------
     0 | D:1      | Gynju the Minotaur Fighter began the quest for the Orb.
     0 | D:1      | Reached XP level 1. HP: 19/19 MP: 0/0
     0 | D:1      | Noticed an orb of fire
     0 | D:1      | Noticed an orb of fire
     2 | D:1      | Noticed a large abomination
     4 | D:1      | Noticed an orb of fire
     6 | D:1      | Noticed an iron dragon
     7 | D:1      | Noticed an ice dragon
     9 | D:1      | Noticed a golden dragon
    11 | D:1      | Noticed an ice dragon
    15 | D:1      | Noticed a tentacled monstrosity
    17 | D:1      | Noticed a red draconian
    20 | D:1      | Noticed an ice dragon
    22 | D:1      | Noticed an orb of fire
   160 | D:1      | Reached XP level 2. HP: 27/27 MP: 1/1
   846 | D:2      | Reached XP level 3. HP: 31/33 MP: 2/2
  1001 | D:2      | Found Wuidd's Book Shop.
  1453 | D:2      | Noticed Sigmund
  1457 | D:2      | Slain by Sigmund

Illustrated notes

Levels and vault maps discovered:
D:1:      shiori_arrival_whats_in_store_for_you, layout_loops_ring,
          serial_bayou_lagoon_a, st_stairs_4
D:2:      minmay_chambers_of_twos, layout_loops_ring, serial_shops, shop,
          uniq_sigmund

Skill      XL: |  1  2  3 |
---------------+----------+-----
Maces & Flails | 3 4 |  4.3
Fighting       | 4 |  4.4
Armour         | |  3.6
Shields        | |  3.6

Action                     || total
---------------------------++-------
  Melee: Flail             ||    76
         Headbutt          ||     4
    Use: Scroll            ||     3
         Potion            ||     1
 Armour: Scale mail        ||    52
  Dodge: Dodged            ||    36
  Block: Buckler           ||    20

Table legend: (Time is in decaauts)
 A = Elapsed time spent in this place.
 B = Non-inter-level travel time spent in this place.
 C = Inter-level travel time spent in this place.
 D = Time resting spent in this place.
 E = Time spent auto-exploring this place.
 F = Levels seen in this place.
 G = Mean time per level.
                   A        B        C        D        E       F      G
               +--------+--------+--------+--------+--------+-----+--------+
         Total |   1493 |   1444 |     49 |      0 |   1225 |   2 |  746.5 |
       Dungeon |   1493 |   1444 |     49 |      0 |   1225 |   2 |  746.5 |
               +--------+--------+--------+--------+--------+-----+--------+

Top non-repeatable levels by time:
     D:1: 792 daAuts
     D:2: 700 daAuts
